 Dungeon Crawl Stone Soup version 0.14-a0-1378-gf8e6a88 (webtiles) character file.

292 July the Cudgeler (level 5, 0/32 HPs)
             Began as a Gargoyle Fighter on Dec 8, 2013.
             Slain by a gnoll
             ... wielding a +0,+0 club
              (1 damage)
             ... on Level 4 of the Dungeon.
             The game lasted 00:13:39 (3001 turns).

July the Cudgeler (Gargoyle Fighter)                Turns: 3001, Time: 00:13:39

HP   0/32        AC 10     Str 20      XL: 5   Next: 33%
MP   5/5         EV  6     Int  9      God:
Gold 141         SH 18     Dex  9      Spells:  0 memorised,  4 levels left

rFire  . . .     SeeInvis .     a - +0 mace
rCold  . . .     Clarity  .     b - +0 scale mail
rNeg   + . .     Conserve .     c - +0 shield
rPois  +         rCorr    .     (no helmet)
rElec  +         rRot     +     (no cloak)
SustAb + .       Spirit   .     (no gloves)
rMut   .         Warding  .     (no boots)
Saprov . . .     Stasis   .     r - amulet of faith {unknown}
                                q - ring of sustain abilities {unknown}
                                m - ring of protection from magic {unknown}

@: somewhat resistant to hostile enchantments, extremely unstealthy
A: life protection 1, electricity resistance, unbreathing, petrification
resistance, AC +4
a: no special abilities


You were on level 4 of the Dungeon.
You were hungry.

You visited 1 branch of the dungeon, and saw 4 of its levels.

You collected 141 gold pieces.

Inventory:

Hand weapons
 a - a +0,+0 mace (weapon)
 h - a +0,+0 whip
Armour
 b - a +0 scale mail (worn)
 c - a +0 shield (worn)
Comestibles
 d - 2 bread rations
 f - 5 strawberries
 l - a choko
 t - an apple
 v - a pear
 z - a chunk of giant newt flesh
Scrolls
 e - 5 scrolls of identify {unknown}
 i - a scroll of curse weapon {unknown}
 k - 2 scrolls of enchant weapon II {unknown}
 n - a scroll of noise {unknown}
 p - a scroll of fear {unknown}
 u - a scroll of fog {unknown}
 w - a scroll of curse jewellery {unknown}
 x - a scroll of teleportation
 y - a scroll of magic mapping {unknown}
Jewellery
 m - a ring of protection from magic (left hand) {unknown}
 o - an uncursed ring of magical power
 q - a ring of sustain abilities (right hand) {unknown}
 r - an amulet of faith (around neck) {unknown}
Potions
 g - a potion of curing {unknown}
 j - a potion of degeneration {unknown}
 s - 3 potions of heal wounds {unknown}
 A - a potion of magic {unknown}


   Skills:
 - Level 3.2 Fighting
 + Level 5.9 Maces & Flails
 - Level 3.2 Armour
 - Level 3.2 Shields


You had 4 spell levels left.
You didn't know any spells.

Dungeon Overview and Level Annotations

Branches:
Dungeon (4/16)
 Temple: D:4-7

Altars:
Sif Muna
Yredelemnul

Annotations:
D:4 Blork the orc


Innate Abilities, Weirdness & Mutations

You are resistant to torment.
You are immune to poison.
Your stone body is very resilient (AC +4).
You resist negative energy.
You are resistant to electric shocks.
You can survive without breathing.
You are immune to petrification.


Message History

The gnoll's wounds heal themselves!
You block the gnoll's attack.
Found a club.
The gnoll shaman calls upon its god to speed up the gnoll.
The gnoll seems to speed up.
You block the gnoll's attack.
The gnoll shaman calls upon its god to speed up the gnoll.
The gnoll seems to speed up.
The gnoll picks up a club.
The gnoll wields a club.
You are no longer glowing.
The gnoll hits you but does no damage. The gnoll barely misses you.
You block the gnoll's attack. You block the gnoll's attack.
The gnoll barely misses you.
The gnoll is no longer moving quickly.
The gnoll hits you but does no damage. The gnoll hits you but does no damage.
The gnoll hits you but does no damage. The gnoll hits you with a club.
* * * LOW HITPOINT WARNING * * *
The gnoll hits you with a club.
You die...

#....#......#
#....##.##.##
#..g.#.....g#
+....#.####g#
#..g.#......#
##...##.##.##
###.###......#
#.....###.g###
#.....#....@.#
#.....##.##.##
#........##..
#........##..+
+....)...+..##
#........####
#........#
#........#
##.....###


You could see a gnoll.

Vanquished Creatures
  An orc priest (D:3)
  A scorpion (D:4)
  A gnoll (D:1)
  An inept feature mimic (D:2)
  A worm (D:2)
  2 giant geckos (D:1)
  4 orcs (D:3)
  A ball python (D:1)
  7 bats
  3 giant cockroaches
  11 hobgoblins
  4 quokkas (D:2)
  8 giant newts
  14 goblins
  6 kobolds
  9 rats
74 creatures vanquished.

Notes
Turn   | Place    | Note
--------------------------------------------------------------
     0 | D:1      | July, the Gargoyle Fighter, began the quest for the Orb.
     0 | D:1      | Reached XP level 1. HP: 14/14 MP: 1/1
   231 | D:1      | Reached XP level 2. HP: 19/19 MP: 2/2
   570 | D:1      | Reached XP level 3. HP: 21/23 MP: 3/3
  1001 | D:1      | Reached skill level 4 in Maces & Flails
  1431 | D:2      | Reached XP level 4. HP: 25/28 MP: 4/4
  1848 | D:3      | Reached skill level 5 in Maces & Flails
  2335 | D:3      | Reached XP level 5. HP: 22/32 MP: 5/5
  2912 | D:4      | Found a basalt altar of Yredelemnul.
  2912 | D:4      | Noticed Blork the orc
  2918 | D:4      | Found a deep blue altar of Sif Muna.
  2965 | D:4      | HP: 1/32 [gnoll (5)]
  2998 | D:4      | HP: 1/32 [gnoll/club (4)]
  3001 | D:4      | Slain by a gnoll

Action                   |  1- 3 |  4- 6 || total
-------------------------+-------+-------++-------
Melee: Mace              |   108 |    73 ||   181
       Whip              |    48 |   119 ||   167
  Use: Scroll            |     2 |       ||     2
